 Dungeon Crawl Stone Soup version 0.28-a0-802-g09f76e8c00 (webtiles) character file.

Game seed: 10176530489208068453

49 ragingrage the Ruffian (level 3, 0/26 (29) HPs)
             Began as a Demonspawn Chaos Knight on Nov 6, 2021.
             Was a Plaything of Xom.
             Slain by a rat (2 damage)
             ... summoned by Xom
             ... on level 2 of the Dungeon.
             The game lasted 00:01:23 (1473 turns).

ragingrage the Ruffian (Demonspawn Chaos Knight)    Turns: 1473, Time: 00:01:23

HP:   0/26 (29)     AC:  5    Str: 13    XL:     3   Next: 53%
MP:   3/3           EV:  8    Int: 13    God:    Xom [....*.]
Gold: 28            SH:  4    Dex: 12    Spells: 2/2 levels left

rFire   . . .      SeeInvis .     - Unarmed
rCold   . . .      Faith    .   (no shield)
rNeg    . . .      Spirit   .   a - +2 leather armour
rPois   .          Reflect  .   (no helmet)
rElec   .          Harm     .   (no cloak)
rCorr   .          Rampage  .   (no gloves)
Will    .....                   (no boots)
Stlth   +.........              (no amulet)
HPRegen 0.08/turn               (no ring)
MPRegen 0.08/turn               (no ring)

@: constricted, heavily drained
A: condensation shield
a: Renounce Religion


You were on level 2 of the Dungeon.
You worshipped Xom.
You were a beloved toy of Xom.
You visited 1 branch of the dungeon, and saw 2 of its levels.

You collected 28 gold pieces.

Inventory:

Armour
 a - a +2 leather armour (worn)
Scrolls
 c - a scroll of teleportation {unknown}
 d - a scroll of enchant weapon {unknown}
Potions
 b - a potion of lignification {unknown}


   Skills:
 - Level 3.0 Fighting
 - Level 1.7 Armour
 - Level 0.8 Dodging
 * Level 4.2 Unarmed Combat


You had 2 spell levels left.
You didn't know any spells.
Your spell library was empty.

Dungeon Overview and Level Annotations

Branches:
Dungeon (2/15)

Altars:


Innate Abilities, Weirdness & Mutations

A meltable shield of frost defends you. (SH +4)


Message History

You block the ball python's attack. The ball python bites you.
* * * LOW HITPOINT WARNING * * *
The ball python grabs you. The ball python constricts you.
You escape the ball python's grasp.
The ball python bites you but does no damage.
The ball python grabs you. The ball python constricts you.
You escape the ball python's grasp.
Found a leather armour.
A kobold comes into view. It is wielding a +0 short sword.
You block the ball python's attack. x2
An endoplasm comes into view.
The endoplasm quivers.
The kobold hits you but does no damage.
The ball python bites you but does no damage.
The ball python closely misses you.
The kobold hits you with a +0 short sword.
* * * LOW HITPOINT WARNING * * *
The ball python bites you but does no damage.
The ball python misses you. The endoplasm freezes you.
You are frozen.
You die... "What?
Wait, NO!"
Xom revives you!
Unknown command.
Unknown command.
Unknown command.
You block the ball python's attack. The ball python barely misses you.
You hear Xom's maniacal laughter.
The ball python bites you.
* * * LOW HITPOINT WARNING * * *
The ball python grabs you. The ball python constricts you.
The ball python's grasp on you weakens, but your attempt to escape fails.
The orc wizard shouts!
The orc shouts!
The orc wizard shouts!
You block the ball python's attack. The ball python constricts you.
The orc wizard gestures at you while chanting.
You resist with significant effort. The rat bites you.
You die...
Xom yawns loudly!

##........#. #.######.##....# #.#
.....#. #.# #...... ...
#.########...##. ..# ###
#..........o.. ....# ..#
####)...o...## .#.#
..#######......o....## ..#
........<.#....o@S...# #.#
..#########....JrJg..####.#####
...................K.Kr..g....##
..#########..........####......##
..# #..........# ###.#.... ..#
##........## #...... ###
#.......... #...[.. #..........#
#..#### ..........# #..#


You could see 3 orc wizards, an orc (summoned), 2 endoplasms, a goblin
(summoned), a ball python, 2 kobolds and 2 rats.

Vanquished Creatures
  A gnoll (D:1)
  An adder (D:2)
  A dart slug (D:2)
  2 endoplasms (D:1)
  A giant cockroach (D:1)
  3 goblins
  3 kobolds
  2 quokkas (D:1)
  5 ball pythons
  A bat (D:1)
  2 frilled lizards (D:1)
  6 rats
28 creatures vanquished.

Notes
Turn   | Place    | Note
-------+----------+-------------------------------------------
     0 | D:1      | ragingrage the Demonspawn Chaos Knight began the quest for
                  | the Orb.
     0 | D:1      | Reached XP level 1. HP: 18/18 MP: 1/1
   137 | D:1      | Reached skill level 3 in Unarmed Combat
   325 | D:1      | Found a faded altar of an unknown god.
   405 | D:1      | XOM: silly message
   436 | D:1      | Gained mutation: A meltable shield of frost defends you.
                  | (SH +4) [demonic ancestry]
   436 | D:1      | Reached XP level 2. HP: 23/24 MP: 2/2
  1020 | D:2      | XOM: butterfly on damage
  1042 | D:1      | Reached XP level 3. HP: 8/29 MP: 3/3
  1163 | D:2      | XOM: draining
  1269 | D:2      | Reached skill level 4 in Unarmed Combat
  1343 | D:2      | XOM: 2-stop teleportation journey
  1398 | D:2      | XOM: butterfly on damage
  1420 | D:2      | XOM: enchant monster (good)
  1426 | D:2      | XOM: enchant monster (good)
  1463 | D:2      | Xom revived you
  1472 | D:2      | XOM: summons 4 hostile shadow creatures
  1473 | D:2      | Slain by a rat

Illustrated notes

Levels and vault maps discovered:
D:1:      psy_arrival_basics, layout_loops_ring,
          shapermc_ecumenical_altar_ellora
D:2:      layout_rooms, basic_altar, serial_curves, eino_curves_01,
          eino_curves_03, chequers_arboretum, minmay_increasing_density

Skill      XL: |  1  2  3 |
---------------+----------+-----
Unarmed Combat | 3 4 |  4.2
Fighting       | |  3.0
Armour         | |  1.7
Dodging        | |  0.8

Action                   || total
-------------------------++-------
Melee: Unarmed           ||   128
       Punch             ||     1
 Stab: Sleeping          ||     1
Armor: Leather armour    ||    44
Dodge: Dodged            ||    73
Block: Other             ||    20

Table legend: (Time is in decaauts)
 A = Elapsed time spent in this place.
 B = Non-inter-level travel time spent in this place.
 C = Inter-level travel time spent in this place.
 D = Time resting spent in this place.
 E = Time spent auto-exploring this place.
 F = Levels seen in this place.
 G = Mean time per level.
                   A        B        C        D        E       F      G
               +--------+--------+--------+--------+--------+-----+--------+
         Total |   1465 |   1429 |     36 |    130 |    997 |   2 |  732.5 |
       Dungeon |   1465 |   1429 |     36 |    130 |    997 |   2 |  732.5 |
               +--------+--------+--------+--------+--------+-----+--------+

Top non-repeatable levels by time:
     D:1: 1008 daAuts
     D:2: 457 daAuts
